 Dungeon Crawl Stone Soup version 0.25-a0-280-gfa4545f159 (webtiles) character file.

Game seed: 463372803480376377, levelgen mode: deterministic

3244 MisterFreud the Grappler (level 9, -3/89 HPs)
             Began as a Troll Monk on Dec 10, 2019.
             Slain by a freezing wraith (5 damage)
             ... on level 9 of the Dungeon.
             The game lasted 00:14:23 (6928 turns).

MisterFreud the Grappler (Troll Monk)               Turns: 6928, Time: 00:14:24

Health: -3/89      AC:  7    Str: 24      XL:     9   Next: 67%
Magic:  0/17       EV: 12    Int:  6      God:
Gold:   263        SH:  0    Dex: 11 (12) Spells: 8/8 levels left

rFire    . . .     SeeInvis .     - Unarmed
rCold    . . .     Gourm    +   (no shield)
rNeg     . . .     Faith    .   H - +0 robe (curse)
rPois    .         Spirit   +   (helmet restricted)
rElec    .         Reflect  .   E - +0 cloak
rCorr    .         Harm     .   (gloves unavailable)
MR       .....                  (boots unavailable)
Stlth    +.........             u - amulet of guardian spirit
HPRegen  0.64/turn              o - ring of magical power
MPRegen  0.15/turn              J - +2 ring of slaying

@: slowed, very slow
A: large, unfitting armour, claws 3, fast metabolism 3, gourmand, regeneration
1, shaggy fur 1, tough skin 3
a: no special abilities


You were on level 9 of the Dungeon.
You were completely stuffed.

You visited 2 branches of the dungeon, and saw 10 of its levels.

You collected 461 gold pieces.
You spent 198 gold pieces at shops.

Inventory:

Missiles
 t - 28 boomerangs (quivered)
 B - 7 javelins
 C - 4 large rocks
Armour
 a - a +0 robe
 x - a +2 robe of the Archmagi
 y - a +2 robe of fire resistance
 D - a scarf of spirit shield
 E - a +0 cloak (worn)
 H - a cursed +0 robe (worn)
Jewellery
 o - a ring of magical power (left claw)
 u - an amulet of guardian spirit (around neck)
 F - an uncursed ring of fire
 I - an uncursed amulet of rage
 J - a +2 ring of slaying (right claw)
Wands
 w - a wand of iceblast (4)
 A - a wand of flame (14)
Scrolls
 e - 2 scrolls of teleportation
 f - 4 scrolls of magic mapping
 g - 3 scrolls of enchant weapon
 h - 2 scrolls of amnesia
 i - 2 scrolls of enchant armour {unknown}
 j - 2 scrolls of blinking {unknown}
 n - a scroll of noise {unknown}
 q - 3 scrolls of immolation {unknown}
 s - 2 scrolls of remove curse {unknown}
Potions
 c - 5 potions of curing
 d - 2 potions of magic
 k - 3 potions of brilliance
 l - 2 potions of resistance
 m - a potion of might
 p - a potion of invisibility
 r - a potion of flight
 v - a potion of ambrosia
 z - a potion of heal wounds
 G - a potion of mutation
Comestibles
 b - 19 rations


   Skills:
 - Level 6.0 Fighting
 + Level 3.9 Throwing
 - Level 6.0 Dodging
 - Level 1.0 Stealth
 + Level 9.4 Unarmed Combat


You had 8 spell levels left.
You didn't know any spells.
Your spell library contained the following spells:

 Spells                   Type           Power        Failure   Level  Hunger
 Corona                   Hex            #......      45%         1    ##.....
 Ensorcelled Hibernation  Hex/Ice        #.....       58%         2    ###....
 Confuse                  Hex            #.......     83%         3    ####...
 Dazzling Flash           Conj/Hex       #.....       83%         3    ####...
 Tukima's Dance           Hex            #.......     83%         3    ####...


Dungeon Overview and Level Annotations

Branches:
Dungeon (9/15)             Temple (1/1) D:6
   Lair: D:8-11         Orc: D:9-12

Altars:
Ashenzari
Cheibriados
Dithmenos
Elyvilon
Fedhas
Gozag
Hepliaklqana
Kikubaaqudgha
Makhleb
Nemelex Xobeh
Qazlal
Ru
Sif Muna
Trog
Uskayaw
Vehumet
Wu Jian
Xom
Yredelemnul
Zin
The Shining One

Shops:
D:4 [   D:9 (


Innate Abilities, Weirdness & Mutations

You are too large for most types of armour.
You have claws for hands.
Your metabolism is lightning-fast.
You like to eat raw meat.
Your natural rate of healing is unusually fast.
You are covered in fur. (AC +1)
You have extremely tough skin. (AC +3)


Message History

You claw the freezing wraith!
The freezing wraith is moderately damaged.
The freezing wraith hits you. The freezing wraith freezes you!!
The freezing wraith barely misses you.
You scratch the freezing wraith but do no damage.
The freezing wraith is lightly damaged.
You closely miss the freezing wraith. Your claw misses the freezing wraith.
The freezing wraith is lightly damaged.
The freezing wraith hits you. The freezing wraith freezes you!
The freezing wraith hits you! The freezing wraith drains your vigour!
You feel yourself slow down. The freezing wraith hits you!
The freezing wraith freezes you!
* * * LOW HITPOINT WARNING * * *
The freezing wraith hits you but does no damage.
The freezing wraith hits you!
* * * LOW HITPOINT WARNING * * *
The freezing wraith freezes you!
* * * LOW HITPOINT WARNING * * *
The freezing wraith hits you.
You die...

#.##.....##
#..........#
#.##.....#
#..........#
#.##..#.##
#..........#
#.......#
##..........#
##.......#
#...........#
.##......##
#.#........##
..##.)....#
#.##......##
...##.....#
#.#########
....#.....# #@#
..⌠e#.....# ##W#
...c(..)..#####c.#
Y.W.#.....#Yc)..##
.(..#....es.#####
...##.#...###
..##......##########
.##....##...<......#
##....#####<.......#


You could see a freezing wraith and a centaur.

Vanquished Creatures
  A kobold demonologist (D:9)
  A water moccasin (D:9)
  2 sky beasts
  A phantom (D:4)
  A centaur (D:6)
  5 ogres
  A big kobold (D:7)
  3 bullfrogs
  2 scorpions (D:6)
  7 killer bees (D:9)
  6 wights
  A howler monkey (D:7)
  A centaur zombie (D:6)
  2 crimson imps (D:7)
  A bullfrog skeleton (D:4)
  3 hounds
  14 orc wizards
  5 orc priests
  4 worker ants
  A hound zombie (D:9)
  A worker ant zombie (D:9)
  Robin (D:2)
  4 adders
  A howler monkey skeleton (D:9)
  2 shadow imps
  An adder skeleton (D:9)
  2 adder zombies
  2 worms
  5 dart slugs
  7 leopard geckos
  32 orcs
  3 ball pythons
  6 giant cockroaches
  14 goblins
  11 hobgoblins
  8 jackals
  9 kobolds
  4 quokkas
  A ball python skeleton (D:4)
  5 bats
  6 frilled lizards
  A jackal skeleton (D:4)
  A quokka zombie (D:5)
  9 rats
198 creatures vanquished.

Vanquished Creatures (others)
  A human (D:3)
1 creature vanquished.

Grand Total: 199 creatures vanquished

Notes
Turn   | Place    | Note
-------+----------+-------------------------------------------
     0 | D:1      | MisterFreud the Troll Monk began the quest for the Orb.
     0 | D:1      | Reached XP level 1. HP: 22/22 MP: 0/0
    35 | D:1      | You fall into a shaft and drop 1 floor!
    76 | D:1      | Reached XP level 2. HP: 29/29 MP: 1/1
   420 | D:1      | Reached skill level 4 in Unarmed Combat
   841 | D:2      | Reached XP level 3. HP: 36/36 MP: 2/2
  1148 | D:2      | Found a shattered altar of Ashenzari.
  1268 | D:2      | Noticed Robin
  1286 | D:2      | Killed Robin
  1286 | D:2      | Reached XP level 4. HP: 44/44 MP: 3/3
  1288 | D:2      | Reached skill level 5 in Unarmed Combat
  1409 | D:2      | Found an opulent altar of Gozag.
  1409 | D:2      | Found a shadowy altar of Dithmenos.
  1410 | D:2      | Found a shimmering altar of Xom.
  1580 | D:3      | Found a hide-covered altar of Uskayaw.
  1658 | D:3      | Found an ancient bone altar of Kikubaaqudgha.
  1661 | D:3      | Noticed a human
  1664 | D:3      | Killed a human
  1994 | D:3      | Reached XP level 5. HP: 44/50 MP: 4/4
  2050 | D:3      | Noticed a moth of wrath
  2054 | D:3      | Found a bloodstained altar of Trog.
  2095 | D:3      | Reached skill level 6 in Unarmed Combat
  2258 | D:4      | Found a sparkling altar of Nemelex Xobeh.
  2258 | D:4      | Found Oggiog's Antique Armour Shop.
  2410 | D:4      | Bought an embroidered robe for 99 gold pieces
  2424 | D:4      | Bought a glowing robe for 99 gold pieces
  2525 | D:4      | Noticed a phantom
  2532 | D:4      | Killed a phantom
  2532 | D:4      | Reached XP level 6. HP: 54/59 MP: 5/5
  2647 | D:4      | Reached skill level 7 in Unarmed Combat
  3012 | D:5      | Entered Level 5 of the Dungeon
  3018 | D:5      | Found a basalt altar of Yredelemnul.
  3053 | D:5      | Noticed a sky beast
  3058 | D:5      | Killed a sky beast
  3124 | D:5      | Found a snail-covered altar of Cheibriados.
  3269 | D:5      | Reached skill level 8 in Unarmed Combat
  3269 | D:5      | Reached XP level 7. HP: 57/66 MP: 6/6
  3348 | D:5      | Found a shimmering blue altar of Sif Muna.
  3588 | D:6      | Found a staircase to the Ecumenical Temple.
  3600 | Temple   | Entered the Ecumenical Temple
  3950 | D:6      | Found a blossoming altar of Fedhas.
  4338 | D:6      | Noticed a troll
  4377 | D:6      | Reached XP level 8. HP: 46/78 MP: 7/7
  5236 | D:7      | Reached skill level 5 in Fighting
  5236 | D:7      | Reached skill level 5 in Dodging
  5607 | D:7      | Found a bloodstained altar of Trog.
  5689 | D:8      | Found a white marble altar of Elyvilon.
  5809 | D:8      | Reached XP level 9. HP: 85/89 MP: 8/8
  5993 | D:8      | Noticed a two-headed ogre
  6123 | D:9      | Found Fofeib's Antique Weapon Emporium.
  6148 | D:9      | Reached skill level 1 in Throwing
  6215 | D:9      | Found a basalt altar of Yredelemnul.
  6216 | D:9      | Found a basalt altar of Yredelemnul.
  6216 | D:9      | Found a shimmering altar of Xom.
  6216 | D:9      | Found a hide-covered altar of Uskayaw.
  6328 | D:9      | Noticed a kobold demonologist
  6619 | D:9      | Reached skill level 9 in Unarmed Combat
  6654 | D:9      | Killed a kobold demonologist
  6769 | D:9      | Found a glowing silver altar of Zin.
  6886 | D:9      | Noticed a freezing wraith
  6889 | D:9      | Noticed a deep elf mage
  6928 | D:9      | HP: 2/89 [freezing wraith (13)]
  6928 | D:9      | Slain by a freezing wraith

Levels and vault maps discovered:
D:1:      dpeg_arrival_houses_and_road, layout_rooms
D:2:      layout_loops_corners, lemuel_crystal_altar,
          gammafunk_temple_overflow_claw, uniq_robin
D:3:      layout_loops_ring, tgw_trog, eat_drink_and_be_merry_uskayaw,
          first_ration, tgw_kikubaaqudgha
D:4:      layout_loops_cross, nemelex_xobeh_ov_fountains_minmay, serial_shops,
          nicolae_shop_overgrown_old_shop, kennysheep_generic_room_15
D:5:      layout_basic, overflow_temple_1_default, basic_altar,
          minmay_fountain_box, kennysheep_slug_shrine
D:6:      layout_basic, lemuel_doored_altar, minmay_temple_entry_mini_moons,
          minmay_manual_mullet
D:7:      layout_loops_corners, basic_altar, chequers_decorated_corner
D:8:      layout_loops_ring, elyvilon_altar_4, grunt_livestock,
          hangedman_decor_clover_reticule, roderic_serpentine_path,
          okawaru_altar_gauntlet_db
D:9:      minmay_the_grid_octo_triangle [minmay_the_grid_octo_clover_2,
          minmay_the_grid_octo_prize_ultimate_mussel_roller,
          minmay_the_grid_octo_shrine], layout_rooms,
          lemuel_coloured_pillars_altar, serial_shops, shop
Temple:   nicolae_temple_figure_zero

Skill      XL: |  1  2  3  4  5  6  7  8  9 |
---------------+----------------------------+-----
Unarmed Combat | 4 5 6 8 9 |  9.4
Fighting       | 3 5 6 |  6.0
Dodging        | 3 5 6 |  6.0
Throwing       | 3 |  3.9
Stealth        | |  1.0

Action                   |  1- 3 |  4- 6 |  7- 9 || total
-------------------------+-------+-------+-------++-------
Melee: Unarmed           |    83 |   141 |   350 ||   574
       Punch             |     2 |       |    12 ||    14
Evoke: Wand              |       |     2 |     1 ||     3
  Use: Scroll            |       |     9 |     6 ||    15
 Stab: Sleeping          |     2 |     3 |       ||     5
       Distracted        |       |       |     1 ||     1
  Eat: Chunk             |    15 |    20 |    34 ||    69
Armor: Robe              |    29 |    35 |    98 ||   162
Dodge: Dodged            |    33 |    50 |   192 ||   275

Table legend:
 A = Non-vault XP
 B = Vault XP
 C = Vault XP percentage of total XP
 D = Non-vault monster count
 E = Vault monster count
 F = Vault count percentage of total count
                 A         B        C        D         E       F
            +---------+---------+-------+---------+---------+-------
      Total |    3724 |     911 |  19.7 |     172 |      26 |  13.1
            +---------+---------+-------+---------+---------+-------
        D:1 |      35 |       0 |   0.0 |      21 |       0 |   0.0
        D:2 |      46 |      37 |  44.6 |      17 |      12 |  41.4
        D:3 |     111 |       9 |   7.5 |      21 |       5 |  19.2
        D:4 |     156 |      42 |  21.2 |      10 |       1 |   9.1
        D:5 |     436 |       4 |   0.9 |      14 |       1 |   6.7
        D:6 |     407 |     220 |  35.1 |      12 |       3 |  20.0
        D:7 |    1049 |       0 |   0.0 |      30 |       0 |   0.0
        D:8 |     467 |       0 |   0.0 |      24 |       0 |   0.0
        D:9 |    1017 |     599 |  37.1 |      23 |       4 |  14.8
            +---------+---------+-------+---------+---------+-------
